 Dungeon Crawl Stone Soup version 0.28-a0-664-gc179e30c89 (webtiles) character file.

Game seed: 9362613097669969712

29 abrahamlauer the Skirmisher (level 3, -4/30 HPs)
             Began as a Merfolk Abyssal Knight on Oct 16, 2021.
             Was a Follower of Lugonu.
             Killed from afar by a green death (24 damage)
             ... with a poison arrow
             ... on level 1 of the Abyss.
             The game lasted 00:01:48 (187 turns).

abrahamlauer the Skirmisher (Merfolk Abyssal Knight) Turns: 187, Time: 00:01:51

Health: -4/30      AC:  3    Str: 13    XL:     3   Next: 16%
Magic:  4/4        EV: 12    Int:  9    God:    Lugonu [*.....]
Gold:   16         SH:  0    Dex: 15    Spells: 2/2 levels left

rFire   . . .      SeeInvis .   a - +1 spear
rCold   . . .      Faith    .   (no shield)
rNeg    . . .      Spirit   .   b - +0 leather armour
rPois   .          Reflect  .   (no helmet)
rElec   .          Harm     .   (no cloak)
rCorr   .          Rampage  .   (no gloves)
Will    .....                   (no boots)
Stlth   +.........              (no amulet)
HPRegen 0.10/turn               (no ring)
MPRegen 0.09/turn               (no ring)

@: lethally poisoned (-4 -> -19)
A: (nimble swimmer 2), mertail
a: Renounce Religion, Depart the Abyss


You were on level 1 of the Abyss.
You worshipped Lugonu.
Lugonu was aware of your devotion.
You visited 0 branches of the dungeon, and saw 0 of its levels.
You visited the Abyss 1 time.

You collected 16 gold pieces.

Inventory:

Hand Weapons
 a - a +1 spear (weapon)
Armour
 b - a +0 leather armour (worn)
Potions
 c - a potion of heal wounds {unknown}


   Skills:
 + Level 4.0 Fighting
 + Level 3.3 Polearms
 + Level 0.8 Armour
 + Level 3.1 Dodging
 + Level 2.2 Invocations


You had 2 spell levels left.
You didn't know any spells.
Your spell library was empty.

Dungeon Overview and Level Annotations

Branches:
Dungeon (0/15)

Altars:


Innate Abilities, Weirdness & Mutations

((You are quick and stealthy near water. (Stealth+, EV+, Speed+++)))
Your lower body shifts to a powerful aquatic tail in water.


Message History

The quasit claws you but does no damage.
The quasit barely misses you.
You closely miss the quasit.
The quasit is severely wounded.
The quasit closely misses you. The quasit barely misses you.
The quasit claws you.
You hit the quasit.
You kill the quasit!
You feel your dexterity returning.
Your Fighting skill increases to level 4!
Your Dodging skill increases to level 3!
You have reached level 2!
You have reached level 3!
Your experience leads to an increase in your attributes!
Increase (S)trength, (I)ntelligence, or (D)exterity?
You feel agile.
The substance of the Abyss twists violently, and a gateway leading out appears!
HP restored.
Unknown command.
You now have 16 gold pieces.
c - a ruby potion A green death comes into view.
The green death roars!
A green death is nearby!
You hit the green death.
The green death is lightly wounded.
The green death closely misses you.
You hit the green death.
The green death is lightly wounded.
The green death hits you!
You hit the green death but do no damage.
The green death is lightly wounded.
The green death closely misses you.
You hit the green death.
The green death is lightly wounded.
The green death gestures at you. The poison arrow hits you!!
You are poisoned.
Ouch! That really hurt!
You die...

#.# . ...
.##.. ###..#
#...##..#
#.......#
#.#. ###
#2#.##...#..
#@#..#.. ...
##.#.. ##
####.#.# . .
.##. ##
#.#...#..#
.. ...
.#.#.. .##.#
# ####.#
#......#..#.
#. ..###.##
. ###.. .
#.#.#..###
.## #.#
.#.#. .### #
...


You could see a green death.

Vanquished Creatures
  A quasit (Abyss:1)
1 creature vanquished.

Notes
Turn   | Place    | Note
-------+----------+-------------------------------------------
     0 | Abyss:1  | abrahamlauer the Merfolk Abyssal Knight began the quest for
                  | the Orb.
     0 | Abyss:1  | Reached XP level 1. HP: 18/18 MP: 2/2
    25 | Abyss:1  | Noticed a quasit
    41 | Abyss:1  | Killed a quasit
    42 | Abyss:1  | Reached skill level 4 in Fighting
    42 | Abyss:1  | Reached XP level 2. HP: 17/25 MP: 3/3
    42 | Abyss:1  | Reached XP level 3. HP: 20/30 MP: 4/4
   179 | Abyss:1  | Noticed a green death
   187 | Abyss:1  | Killed from afar by a green death

Illustrated notes

Levels and vault maps discovered:
Abyss:1:  base: Temple, base:
Temple

Skill      XL: |  1 |
---------------+----+-----
Fighting       | 4 |  4.0
Dodging        | 3 |  3.1
Polearms       | |  3.3
Armour         | |  0.8
Invocations    | |  2.2

Action                   || total
-------------------------++-------
Melee: Spear             ||    16
Armor: Leather armour    ||    14
Dodge: Dodged            ||    21

Table legend: (Time is in decaauts)
 A = Elapsed time spent in this place.
 B = Non-inter-level travel time spent in this place.
 C = Inter-level travel time spent in this place.
 D = Time resting spent in this place.
 E = Time spent auto-exploring this place.
 F = Levels seen in this place.
 G = Mean time per level.
                   A        B        C        D        E       F      G
               +--------+--------+--------+--------+--------+-----+--------+
         Total |    186 |    186 |      0 |      0 |    159 |   1 |  186.0 |
         Abyss |    186 |    186 |      0 |      0 |    159 |   1 |  186.0 |
               +--------+--------+--------+--------+--------+-----+--------+

Top non-repeatable levels by time:
 Abyss:1: 186 daAuts
